[Event "Team 45 45 League T47"]
[Site "Internet Chess Club"]
[Date "2010.12.13"]
[Round "6"]
[White "parpin"]
[Black "xakelari"]
[Result "0-1"]
[WhiteElo "1871"]
[BlackElo "2064"]
[Opening "Two knights defense (Modern bishop's opening)"]
[ECO "C55"]
[Time "15:30:17"]
[TimeControl "2700+45"]

1. e4 e5 2. Nf3 Nc6 3. Bc4 Nf6 4. d3 Be7 5. Be3 d5 6. exd5 Nxd5 7. Nc3 Nxe3 8.
fxe3 O-O 9. O-O Bg4 10. Qe1 Bb4 11. Qg3 Bxf3 12. Rxf3 Bxc3 13. bxc3 Na5 14. Bb3
Nxb3 15. axb3 Qe7 16. Ra4 a5 17. Re4 Rfe8 18. Rf5 f6 19. d4 Qd7 20. Rxf6 exd4
21. Rxd4 Qe7 22. Rf3 b5 23. Qf4 c5 24. Rd5 a4 25. bxa4 bxa4 26. Qc4 Kh8 27. Qa2
Qe6 28. c4 a3 29. Rxc5 Reb8 30. Rd5 h6 31. Qa1 a2 32. Rb5 Qxc4 33. Rxb8+ Rxb8
34. Rf1 Qxf1+ {White resigns} 0-1

[Event "Team 45 45 League T47"]
[Site "Internet Chess Club"]
[Date "2010.12.13"]
[Round "6"]
[White "AugustoCaruso"]
[Black "Vaigpertu"]
[Result "1-0"]
[WhiteElo "2227"]
[BlackElo "2248"]
[Opening "Robatsch defense: Pseudo-Austrian attack"]
[ECO "B07"]
[Time "16:30:21"]
[TimeControl "2700+45"]

1. e4 d6 2. d4 g6 3. Nc3 Bg7 4. f4 a6 5. Nf3 b5 6. Bd3 Bb7 7. O-O Nd7 8. e5 Nh6
9. Bd2 O-O 10. a4 b4 11. Ne4 c5 12. dxc5 dxe5 13. c3 bxc3 14. Bxc3 Nf5 15. Qd2
Nd4 16. Nxd4 exd4 17. Ba5 Qc8 18. b4 h6 19. Rac1 f5 20. Ng3 Nf6 21. c6 Bxc6 22.
b5 axb5 23. axb5 Nd5 24. Rxc6 Qd7 25. Rxg6 Ne3 26. Nh5 Rf7 27. Qa2 e6 28. Rxg7+
{Black resigns} 1-0

[Event "Team 45 45 League T47"]
[Site "Internet Chess Club"]
[Date "2010.12.12"]
[Round "6"]
[White "pestka"]
[Black "QueensCounselor"]
[Result "1/2-1/2"]
[WhiteElo "2297"]
[BlackElo "2105"]
[Opening "QGD semi-Slav"]
[ECO "D43"]
[Time "15:48:38"]
[TimeControl "2700+45"]

1. Nf3 d5 2. d4 Nf6 3. c4 e6 4. Nc3 c6 5. Bg5 h6 6. Bxf6 Qxf6 7. Qc2 dxc4 8. e3
b5 9. a4 Bb7 10. axb5 cxb5 11. Nxb5 Bb4+ 12. Nc3 O-O 13. Be2 Nd7 14. O-O Rfc8
15. Rfc1 a5 16. Nd2 Nb6 17. Bf3 Rab8 18. Bxb7 Rxb7 19. Na4 Nxa4 20. Rxa4 Rbc7
21. Ne4 Qe7 22. Raa1 Qd7 23. h3 Qd5 24. Nc3 Qd7 25. Qe2 Qc6 26. Rc2 {Game drawn
by mutual agreement} 1/2-1/2

[Event "Team 45 45 League T47"]
[Site "Internet Chess Club"]
[Date "2010.12.09"]
[Round "6"]
[White "PandorasBox"]
[Black "fledermaus"]
[Result "1/2-1/2"]
[WhiteElo "1967"]
[BlackElo "2005"]
[Opening "English opening"]
[ECO "A13"]
[Time "17:01:25"]
[TimeControl "2700+45"]

1. c4 e6 2. g3 d5 3. Bg2 c6 4. Nf3 Nf6 5. O-O dxc4 6. Qc2 Qd5 7. Nc3 Qc5 8. b3
e5 9. bxc4 Be6 10. d3 Nbd7 11. a4 Qa5 12. Bd2 Qc7 13. Ng5 Bf5 14. e4 Bg6 15. f4
h6 16. Nh3 Bc5+ 17. Kh1 O-O 18. fxe5 Ng4 19. Ne2 Qxe5 20. Bc3 Qc7 21. Qb2 f6 22.
d4 Be7 23. Bd2 Bf7 24. c5 Rad8 25. Bf4 Qc8 26. a5 Bc4 27. Bf3 h5 28. Rfb1 Ba6
29. Kg2 Rfe8 30. Nf2 Nf8 31. h3 Nxf2 32. Kxf2 g6 33. Rh1 Ne6 34. Be3 Ng5 35.
Bxg5 fxg5 36. Qb3+ Kg7 37. e5 {Game drawn by mutual agreement} 1/2-1/2

[Event "Team 45 45 League T47"]
[Site "Internet Chess Club"]
[Date "2010.12.14"]
[Round "6"]
[White "baumhauer"]
[Black "Deckfuel"]
[Result "0-1"]
[WhiteElo "1886"]
[BlackElo "2031"]
[Opening "Robatsch (modern) defense"]
[ECO "B06"]
[Time "14:38:45"]
[TimeControl "2700+45"]

1. e4 g6 2. d4 Bg7 3. Be3 c6 4. Nc3 d5 5. Qd2 h5 6. Nf3 Nh6 7. e5 Bg4 8. Bd3
Bxf3 9. gxf3 e6 10. Bg5 Qb6 11. Be3 Nd7 12. O-O-O Qc7 13. Kb1 b5 14. Rc1 a5 15.
a4 b4 16. Ne2 c5 17. c4 cxd4 18. Bxd4 Qc6 19. cxd5 Qxa4 20. dxe6 Nxe5 21. exf7+
Nhxf7 22. Be4 Rd8 23. Rhd1 O-O 24. Qe3 Rc8 25. b3 Qb5 26. h3 a4 27. f4 axb3 28.
Bxe5 Qa4 29. Rd2 Nxe5 30. fxe5 Ra8 31. Bd5+ Kh7 32. Bxb3 Qa1+ 33. Kc2 Rfc8+ 34.
Kd1 Rxc1+ 35. Nxc1 Rc8 36. Bc2 Bh6 37. Rd7+ Bg7 38. Qe4 Qa6 39. Bd3 Qa4+ 40. Ke2
Qxd7 41. Qxg6+ Kg8 42. e6 Qe7 43. Qh7+ Kf8 44. Qf5+ Bf6 45. Nb3 Rc6 46. Nd4 Rd6
47. Nf3 Qxe6+ 48. Qxe6 Rxe6+ 49. Kd2 Bc3+ 50. Kc2 Rf6 51. Be2 Ke7 52. Kd3 Kd7
53. Kc4 Kc6 54. Bd1 Rf4+ 55. Kd3 Kc5 56. Be2 Bf6 57. Bd1 b3 58. Ke3 Rb4 59. Nd2
Bg5+ {White resigns} 0-1

[Event "Team 45 45 League T47"]
[Site "Internet Chess Club"]
[Date "2010.12.11"]
[Round "6"]
[White "pentti63"]
[Black "SuperJEM"]
[Result "0-1"]
[WhiteElo "2269"]
[BlackElo "2183"]
[Opening "King's Indian: Gligoric-Taimanov system"]
[ECO "E92"]
[Time "06:19:34"]
[TimeControl "2700+45"]

1. d4 g6 2. c4 d6 3. e4 Nf6 4. Nc3 Bg7 5. Nf3 O-O 6. Be2 e5 7. Be3 Na6 8. O-O
Ng4 9. Bg5 Qe8 10. h3 h6 11. Bc1 Nf6 12. Re1 c6 13. Bf1 Qe7 14. Be3 Nh5 15. Qd2
Kh7 16. Rad1 Nc7 17. b4 a5 18. b5 Be6 19. dxe5 dxe5 20. bxc6 Rfd8 21. Nd5 Nxd5
22. exd5 bxc6 23. d6 Qd7 24. Bb6 Rdb8 25. Bc7 e4 26. Rxe4 Rb2 27. Qe3 Rxa2 28.
Ne5 Bxe5 29. Rxe5 a4 30. g4 Ng7 31. Bg2 Rc2 32. Rc5 Ra6 33. Qe4 Rb2 34. Ra1 a3
35. Qd4 Ne8 36. Ba5 Qxd6 37. Qxd6 Nxd6 38. Bxc6 Nxc4 39. Bc3 Rb3 40. Bd4 a2 41.
Bb5 Rd6 42. Bxc4 Rb1+ 43. Kh2 Rxd4 44. Bxe6 Rxa1 45. Bxf7 Rh1+ 46. Kxh1 a1=Q+
47. Kg2 Qa8+ 48. Kh2 Qf3 49. Bd5 Qxf2+ 50. Bg2 {White resigns} 0-1

[Event "Team 45 45 League T47"]
[Site "Internet Chess Club"]
[Date "2010.12.13"]
[Round "6"]
[White "DreadHead"]
[Black "WilThorpe"]
[Result "1-0"]
[WhiteElo "2175"]
[BlackElo "2041"]
[Opening "Sicilian: Najdorf, Byrne (English) attack"]
[ECO "B90"]
[Time "10:17:59"]
[TimeControl "2700+45"]

1. e4 c5 2. Nf3 d6 3. d4 cxd4 4. Nxd4 Nf6 5. Nc3 a6 6. Be3 e5 7. Nb3 Be7 8. Be2
O-O 9. O-O Nc6 10. f3 Be6 11. Nd5 Bxd5 12. exd5 Na5 13. Qd2 Nxb3 14. axb3 Nd7
15. Bd3 f5 16. c3 h6 17. Qc2 Bg5 18. Bf2 g6 19. b4 Kg7 20. Rfe1 Rc8 21. b5 a5
22. b6 Ra8 23. Qb3 Nc5 24. Bxc5 dxc5 25. Rxe5 Rf6 26. Rae1 Rxb6 27. Qa4 Qc7 28.
R5e2 Rd6 29. f4 Bf6 30. Bc4 b6 31. g3 h5 32. h4 Rb8 33. Rd2 Rbd8 34. Qb3 Qb8 35.
Bb5 Qc7 36. c4 Rf8 37. Rde2 Rf7 38. Kg2 Re7 39. Re5 Kf8 40. Qc3 Rd8 41. Rxf5
{Black resigns} 1-0

[Event "Team 45 45 League T47"]
[Site "Internet Chess Club"]
[Date "2010.12.13"]
[Round "6"]
[White "Scotty2Cues"]
[Black "spacecadet"]
[Result "0-1"]
[WhiteElo "1925"]
[BlackElo "2200"]
[Opening "Sicilian: Nimzovich-Rossolimo attack (with ...g6, without ...d6)"]
[ECO "B31"]
[Time "13:59:39"]
[TimeControl "2700+45"]

1. e4 c5 2. Nf3 Nc6 3. Bb5 g6 4. O-O Bg7 5. c3 a6 6. Bxc6 bxc6 7. d3 d6 8. Be3
Rb8 9. Qc2 e6 10. Nbd2 Ne7 11. Rab1 O-O 12. e5 f5 13. exd6 Qxd6 14. Nb3 Rxb3 15.
Qxb3 f4 16. Bd2 Qxd3 17. Rbd1 Qf5 18. Rfe1 g5 19. h3 h5 20. Qc4 g4 21. hxg4 hxg4
22. Nh2 Ng6 23. Qe4 Qh5 24. g3 e5 25. gxf4 exf4 26. f3 g3 27. Re2 Ne5 28. Bxf4
gxh2+ 29. Bxh2 Nxf3+ 30. Kh1 {White resigns} 0-1

[Event "Team 45 45 League T47"]
[Site "Internet Chess Club"]
[Date "2010.12.09"]
[Round "6"]
[White "DieHappy"]
[Black "chess9793"]
[Result "1-0"]
[WhiteElo "2416"]
[BlackElo "2090"]
[Opening "Neo-Grünfeld, 5.cd"]
[ECO "D71"]
[Time "22:02:28"]
[TimeControl "2700+45"]

1. d4 Nf6 2. c4 g6 3. g3 Bg7 4. Bg2 d5 5. cxd5 Nxd5 6. Nf3 Nb6 7. Nc3 Nc6 8. e3
e5 9. d5 Ne7 10. e4 Bg4 11. h3 Bxf3 12. Qxf3 c6 13. O-O cxd5 14. exd5 Nf5 15. d6
Rb8 16. Rd1 O-O 17. Qd3 Qd7 18. Be3 Nd4 19. Ne4 Nc8 20. f4 f6 21. Bxd4 exd4 22.
Qxd4 f5 23. Qd5+ Kh8 24. Nc5 Qb5 25. Ne6 Qxd5 26. Rxd5 Nb6 27. Rdd1 Rf6 28. Nc5
Rff8 29. Rab1 Rf7 30. b4 Bf8 31. a4 Rd8 32. a5 Nc8 33. Nxb7 Rdd7 34. Bc6 Nxd6
35. Bxd7 Nxb7 36. Bc6 Kg7 37. Rd7 Rxd7 38. Bxd7 Kf6 39. Kf1 Ke7 40. Bc6 Nd8 41.
Bd5 h6 42. b5 Kd6 43. Bf3 Kc7 44. b6+ axb6 45. axb6+ Kb8 46. b7 Bd6 47. Rc1 Bc7
48. Ra1 {Black resigns} 1-0

[Event "Team 45 45 League T47"]
[Site "Internet Chess Club"]
[Date "2010.12.12"]
[Round "6"]
[White "superbeast"]
[Black "eurander"]
[Result "0-1"]
[WhiteElo "1890"]
[BlackElo "2202"]
[Opening "English: ultra-symmetrical variation"]
[ECO "A36"]
[Time "14:01:58"]
[TimeControl "2700+45"]

1. c4 c5 2. g3 g6 3. Bg2 Bg7 4. Nc3 Nc6 5. a3 a6 6. Rb1 Rb8 7. b4 cxb4 8. axb4
b5 9. cxb5 axb5 10. Nf3 e5 11. d4 exd4 12. Nd5 Nf6 13. Bg5 h6 14. Nxf6+ Bxf6 15.
Bf4 d6 16. Bxh6 Bf5 17. Rc1 Nxb4 18. Nxd4 Nd3+ 19. exd3 Bxd4 20. Bc6+ Bd7 21.
Qe2+ Be5 22. Bg7 Bxc6 23. Bxe5 O-O 24. Rxc6 dxe5 25. O-O b4 26. h4 b3 27. h5 Qd5
28. Rc4 Rb6 29. hxg6 Rxg6 30. Qh5 Re8 31. Rh4 Kf8 32. Re1 Ree6 33. Qh8+ Rg8 34.
Qh5 b2 35. Qd1 Rb6 36. Qc2 Qc6 37. Qxc6 Rxc6 38. Rb4 Rc1 39. Kf1 Rh8 40. Ke2
Rxe1+ {White resigns} 0-1

[Event "Team 45 45 League T47"]
[Site "Internet Chess Club"]
[Date "2010.12.13"]
[Round "6"]
[White "Zumbi"]
[Black "Atlantis"]
[Result "1-0"]
[WhiteElo "2077"]
[BlackElo "1829"]
[Opening "Sicilian: Scheveningen variation"]
[ECO "B80"]
[Time "16:19:07"]
[TimeControl "2700+45"]

1. e4 c5 2. Nf3 e6 3. d4 cxd4 4. Nxd4 Nf6 5. Nc3 d6 6. Be3 Nc6 7. Qd2 Be7 8. f3
Bd7 9. Ndb5 Nb4 10. O-O-O d5 11. e5 Ng8 12. Nd6+ Bxd6 13. exd6 a6 14. Qd4 Nc6
15. Qxg7 Qf6 16. Qg3 Qg6 17. Na4 Nb4 18. Qxg6 hxg6 19. Nb6 Rb8 20. c3 Nc6 21.
Re1 Rd8 22. Nxd5 b5 23. Nc7+ Kf8 24. Nxa6 Ra8 25. Nc5 Nf6 26. Bg5 Nh7 27. Nxd7+
Ke8 28. Nf6+ Nxf6 29. Bxf6 Rxh2 30. Rxh2 Rxa2 31. Bxb5 {Black resigns} 1-0

[Event "Team 45 45 League T47"]
[Site "Internet Chess Club"]
[Date "2010.12.11"]
[Round "6"]
[White "Paulkov"]
[Black "vnchess"]
[Result "1/2-1/2"]
[WhiteElo "2277"]
[BlackElo "2197"]
[Opening "Sicilian: accelerated fianchetto, Gurgenidze variation"]
[ECO "B36"]
[Time "18:00:39"]
[TimeControl "2700+45"]

1. e4 c5 2. Nf3 g6 3. d4 cxd4 4. Nxd4 Nc6 5. c4 Nf6 6. Nc3 Nxd4 7. Qxd4 d6 8.
Be2 Bg7 9. Bg5 O-O 10. Qd2 a5 11. Rd1 Be6 12. b3 a4 13. e5 dxe5 14. Qxd8 Rfxd8
15. Rxd8+ Rxd8 16. Nxa4 {Game drawn by mutual agreement} 1/2-1/2

[Event "Team 45 45 League T47"]
[Site "Internet Chess Club"]
[Date "2010.12.12"]
[Round "6"]
[White "SlimeDog2"]
[Black "MaartenKoning"]
[Result "0-1"]
[WhiteElo "2060"]
[BlackElo "2243"]
[Opening "Benkö gambit: fianchetto variation"]
[ECO "A46"]
[Time "14:15:16"]
[TimeControl "2700+45"]

1. d4 Nf6 2. Nf3 c5 3. d5 d6 4. c4 b5 5. cxb5 a6 6. bxa6 Bxa6 7. Nc3 g6 8. g3
Bg7 9. Bg2 Nbd7 10. Rb1 Nb6 11. b3 Bc8 12. e4 Ba6 13. Bb2 O-O 14. Bf1 Qc8 15.
Bxa6 Qxa6 16. Qe2 Qxe2+ 17. Kxe2 Nxe4 {White resigns} 0-1

[Event "Team 45 45 League T47"]
[Site "Internet Chess Club"]
[Date "2010.12.14"]
[Round "6"]
[White "Campagnolo"]
[Black "Chatica"]
[Result "1-0"]
[WhiteElo "2070"]
[BlackElo "2086"]
[Opening "Alekhine's defense: modern, Larsen variation"]
[ECO "B04"]
[Time "21:02:36"]
[TimeControl "2700+45"]

1. e4 Nf6 2. e5 Nd5 3. d4 d6 4. Nf3 dxe5 5. Nxe5 c6 6. Bc4 Nd7 7. O-O Nxe5 8.
dxe5 Bf5 9. Qe2 e6 10. Bb3 Qh4 11. Bxd5 exd5 12. Nd2 Bxc2 13. e6 fxe6 14. Qxe6+
Qe7 15. Qg4 g6 16. Nf3 Bf5 17. Qa4 Qb4 18. Re1+ Kd7 19. Qd1 Bd6 20. a3 Qa5 21.
b4 Bxb4 22. Ne5+ Kc8 23. Re2 Bc3 24. Raa2 Bb1 25. Nf7 Rf8 26. Re7 Qc5 27. Rae2
Be4 28. R2xe4 dxe4 29. Qd7+ {Black resigns} 1-0

[Event "Team 45 45 League T47"]
[Site "Internet Chess Club"]
[Date "2010.12.13"]
[Round "6"]
[White "Gregorio"]
[Black "AreYouSerious"]
[Result "0-1"]
[WhiteElo "1998"]
[BlackElo "1972"]
[Opening "Queen's Indian: 4.Nc3"]
[ECO "E12"]
[Time "21:00:31"]
[TimeControl "2700+45"]

1. c4 b6 2. Nf3 Nf6 3. d4 e6 4. Nc3 Bb4 5. e3 Bb7 6. Bd3 Bxc3+ 7. bxc3 d6 8. Qc2
Bxf3 9. gxf3 Nbd7 10. e4 c5 11. Bg5 h6 12. Bh4 g5 13. Bg3 Qe7 14. Qa4 Nh5 15.
Qc6 Qd8 16. Qxd6 Qf6 17. Qc6 Rd8 18. e5 Qe7 19. O-O-O O-O 20. Qe4 f5 21. exf6
Ndxf6 22. Qg6+ Qg7 23. Qxg7+ Kxg7 24. Be5 Kf7 25. h4 Nf4 26. Bb1 Rg8 27. hxg5
hxg5 28. Rh6 Ng6 29. Rg1 Nxe5 30. dxe5 Nd7 31. Rh7+ Kf8 32. Rd1 Rg7 33. Rh8+ Rg8
34. Rh6 Kf7 35. Rd6 Nxe5 36. Rdxe6 Nxc4 37. a4 Rge8 38. Ref6+ Ke7 39. Ba2 Rd3
40. Rf7+ Kxf7 41. Bxc4+ Kg7 {White resigns} 0-1

[Event "Team 45 45 League T47"]
[Site "Internet Chess Club"]
[Date "2010.12.12"]
[Round "6"]
[White "Pason"]
[Black "Fulvio"]
[Result "1/2-1/2"]
[WhiteElo "2038"]
[BlackElo "2058"]
[Opening "QGD semi-Slav: Chigorin defense"]
[ECO "D46"]
[Time "09:07:41"]
[TimeControl "2700+45"]

1. d4 Nf6 2. c4 e6 3. Nf3 d5 4. Nc3 c6 5. e3 Nbd7 6. Bd3 Bd6 7. O-O O-O 8. e4
dxe4 9. Nxe4 Nxe4 10. Bxe4 e5 11. Bg5 f6 12. Bh4 exd4 13. Nxd4 Nc5 14. Bc2 Be5
15. Qh5 g6 16. Bxg6 Qc7 17. Nf5 hxg6 18. Qxg6+ Kh8 19. Qh6+ Kg8 20. Qg6+ {Game
drawn by mutual agreement} 1/2-1/2

[Event "Team 45 45 League T47"]
[Site "Internet Chess Club"]
[Date "2010.12.13"]
[Round "6"]
[White "BlackHorse"]
[Black "egyptiantiger"]
[Result "0-1"]
[WhiteElo "1905"]
[BlackElo "2094"]
[Opening "King's Indian: Sämisch, Panno main line"]
[ECO "E84"]
[Time "09:05:49"]
[TimeControl "2700+45"]

1. d4 Nf6 2. c4 g6 3. Nc3 Bg7 4. e4 d6 5. f3 O-O 6. Be3 Nc6 7. Nge2 a6 8. Qd2
Rb8 9. g4 e5 10. d5 Na5 11. Ng3 c5 12. h4 Bxg4 13. fxg4 Nxg4 14. b3 f5 15. Bg5
Qd7 16. exf5 gxf5 17. Nh5 h6 18. Nxg7 Qxg7 19. Be3 f4 20. Bg1 e4 21. O-O-O e3
22. Qc2 f3 23. Bh3 e2 24. Re1 h5 25. Bh2 f2 26. Rxe2 Rf3 27. Bxg4 Rxc3 28. Be6+
Kh8 29. Rxf2 Rxc2+ 30. Kxc2 Rf8 31. Rhf1 Rxf2+ 32. Rxf2 Qd4 33. Rf8+ Kh7 34.
Bxd6 Qa1 35. Be7 Qxa2+ 36. Kd1 Qxb3+ 37. Ke1 Qc3+ 38. Kf2 Nxc4 39. Rf7+ Kg6 40.
Bg5 Nd6 41. Rf4 b5 42. Be7 Qe5 43. Kf3 c4 44. Rf8 c3 45. Rg8+ Kh7 46. Rg5 Qe4+
47. Kf2 Qxh4+ 48. Ke2 Qc4+ 49. Kf3 Qf1+ 50. Kg3 {White resigns} 0-1

[Event "Team 45 45 League T47"]
[Site "Internet Chess Club"]
[Date "2010.12.10"]
[Round "6"]
[White "Alphalegacy"]
[Black "martineden"]
[Result "0-1"]
[WhiteElo "2027"]
[BlackElo "1887"]
[Opening "Robatsch (modern) defense"]
[ECO "B07"]
[Time "12:00:55"]
[TimeControl "2700+45"]

1. e4 d6 2. d4 g6 3. Nc3 Bg7 4. Be3 Nf6 5. f3 Nbd7 6. Bc4 c6 7. Nge2 b5 8. Bb3
a5 9. a4 b4 10. Nb1 Ba6 11. Nd2 c5 12. Nc4 Qc7 13. d5 Nb6 14. Nxb6 Qxb6 15. Qd2
Qb7 16. Ba2 Nd7 17. c3 Rb8 18. Bh6 O-O 19. Bxg7 Kxg7 20. c4 b3 21. Qc3+ Kg8 22.
Bb1 Qb4 23. Kd2 Ne5 24. Bd3 Bxc4 25. Bxc4 Nxc4+ 26. Kc1 Ne5 27. h4 Qxc3+ 28.
Nxc3 Nd3+ 29. Kb1 f5 30. exf5 Rxf5 31. Rd1 c4 32. Rd2 Re5 33. Re2 Rxe2 34. Nxe2
Rf8 35. Nd4 Rf4 36. Nc6 Rxh4 {White resigns} 0-1

[Event "Team 45 45 League T47"]
[Site "Internet Chess Club"]
[Date "2010.12.13"]
[Round "6"]
[White "kidviper"]
[Black "parrot9"]
[Result "1-0"]
[WhiteElo "1933"]
[BlackElo "1618"]
[Opening "Sicilian: Najdorf, Lipnitzky attack"]
[ECO "B86"]
[Time "15:39:21"]
[TimeControl "2700+45"]

1. e4 c5 2. Nf3 d6 3. d4 cxd4 4. Nxd4 Nf6 5. Nc3 a6 6. Bc4 e6 7. Bb3 Be7 8. Be3
O-O 9. f3 Bd7 10. Qd2 Nc6 11. O-O-O b5 12. g4 b4 13. Na4 Na5 14. h4 Nxb3+ 15.
axb3 e5 16. Nf5 Bxa4 17. bxa4 b3 18. cxb3 Rc8+ 19. Kb1 Ne8 20. h5 Bf6 21. g5 Be7
22. g6 fxg6 23. hxg6 hxg6 24. Bb6 Bg5 25. Bxd8 Bxd2 26. Ne7+ Kf7 27. Nxc8 Bb4
28. Bg5 Nc7 29. Nxd6+ Bxd6 30. Rxd6 {Black resigns} 1-0

[Event "Team 45 45 League T47"]
[Site "Internet Chess Club"]
[Date "2010.12.12"]
[Round "6"]
[White "ElmerHo"]
[Black "Warpdrive"]
[Result "1/2-1/2"]
[WhiteElo "1616"]
[BlackElo "1569"]
[Opening "Alekhine's defense: modern variation, 4...Bg4"]
[ECO "B05"]
[Time "20:00:25"]
[TimeControl "2700+45"]

1. e4 Nf6 2. e5 Nd5 3. d4 d6 4. Nf3 Bg4 5. Be2 e6 6. O-O Be7 7. c4 Nb6 8. Nc3 d5
9. c5 N6d7 10. b4 a6 11. Be3 O-O 12. a3 Nc6 13. Qd2 Qe8 14. h3 Bf5 15. Nh2 f6
16. f4 fxe5 17. fxe5 Qg6 18. Bg4 Bxg4 19. Nxg4 Rxf1+ 20. Rxf1 Rf8 21. Rxf8+ Bxf8
22. Ne2 Ne7 23. Nf4 Qf5 24. Qd3 Qxd3 25. Nxd3 Nf5 26. Bf2 c6 27. Nh2 Kf7 28. g4
Ne7 29. Nf3 h6 30. Kg2 Ng6 31. Kg3 Be7 32. Be3 Ndf8 33. Nf4 Nxf4 34. Bxf4 g5 35.
Be3 Ng6 36. a4 Bd8 37. a5 Be7 {Game drawn by mutual agreement} 1/2-1/2

[Event "Team 45 45 League T47"]
[Site "Internet Chess Club"]
[Date "2010.12.11"]
[Round "6"]
[White "Whalen"]
[Black "islanderpfeifer"]
[Result "1-0"]
[WhiteElo "1599"]
[BlackElo "1467"]
[Opening "Petrov: modern (Steinitz) attack"]
[ECO "C43"]
[Time "11:17:30"]
[TimeControl "2700+45"]

1. e4 e5 2. Nf3 Nf6 3. d4 exd4 4. e5 Qe7 5. Be2 Ng4 6. Qxd4 Nxf2 7. Qxf2 Qb4+ 8.
Nc3 Bc5 9. Qg3 O-O 10. a3 Qb6 11. Na4 Qa5+ 12. Nc3 Bb6 13. b4 Bf2+ 14. Qxf2 Qb6
15. Nd5 Qxf2+ 16. Kxf2 Nc6 17. Nxc7 Rb8 18. Be3 Rd8 19. b5 Na5 20. Bxa7 b6 21.
Bxb8 Bb7 22. Ba7 Rc8 23. Bxb6 Bxf3 24. gxf3 Nb7 25. c4 d6 26. e6 fxe6 27. Nxe6
Re8 28. Nd4 Kf7 29. a4 Re5 30. a5 Nc5 31. Bxc5 dxc5 32. Nc6 Re8 33. a6 Ra8 34.
Rhd1 Ke8 35. Rd5 h6 36. Rad1 g5 37. Rd8+ Rxd8 38. Rxd8+ Kf7 39. a7 {Black
resigns} 1-0

[Event "Team 45 45 League T47"]
[Site "Internet Chess Club"]
[Date "2010.12.12"]
[Round "6"]
[White "mitus"]
[Black "rook9999"]
[Result "1-0"]
[WhiteElo "1771"]
[BlackElo "1840"]
[Opening "Sicilian: Nimzovich-Rossolimo attack (without ...d6)"]
[ECO "B30"]
[Time "13:01:24"]
[TimeControl "2700+45"]

1. e4 c5 2. Nf3 Nc6 3. Bb5 a6 4. Bxc6 dxc6 5. O-O Nf6 6. d3 Bg4 7. Bg5 h6 8. Bf4
e6 9. Nbd2 Be7 10. Re1 O-O 11. h3 Bh5 12. Nf1 Qb6 13. Be5 Rad8 14. Ng3 Bg6 15.
Qe2 Nh5 16. Nxh5 Bxh5 17. Qe3 Bd6 18. Bxd6 Rxd6 19. Ne5 Qa7 20. Nc4 Rd7 21. Ne5
Re7 22. g4 Bg6 23. b4 Bh7 24. Qxc5 Qxc5 25. bxc5 f6 26. Nc4 g6 27. Rab1 f5 28.
exf5 gxf5 29. Ne5 fxg4 30. hxg4 Rg7 31. Re3 h5 32. f3 hxg4 33. fxg4 Rf4 34. Rf1
Rxf1+ 35. Kxf1 Rg5 36. Kf2 Kg7 37. Kf3 Kf6 38. Kf4 Rg7 39. a4 Rg8 40. a5 Rd8 41.
c3 Rd5 42. d4 Rd8 43. Nc4 Rf8 44. Nd6 Ke7+ 45. Kg3 Rg8 46. Rf3 Rg7 47. Nxb7 Bf5
48. Rf4 Bd3 49. Nd6 Be2 50. Re4 Bd3 51. Nf5+ Kf6 52. Rxe6+ Kxe6 53. Nxg7+ Kd5
54. Nf5 Kc4 55. Ne7 Kb5 56. g5 Kxa5 57. g6 Bxg6 58. Nxg6 Kb5 {Black resigns} 1-0

[Event "Team 45 45 League T47"]
[Site "Internet Chess Club"]
[Date "2010.12.13"]
[Round "6"]
[White "mmf00"]
[Black "clarinetref"]
[Result "1-0"]
[WhiteElo "1765"]
[BlackElo "1684"]
[Opening "Sicilian: Alapin's variation (2.c3)"]
[ECO "B22"]
[Time "16:17:50"]
[TimeControl "2700+45"]

1. e4 c5 2. c3 d5 3. exd5 Qxd5 4. d4 Nc6 5. Nf3 Nf6 6. Be3 Bg4 7. Be2 cxd4 8.
cxd4 e6 9. Nc3 Bb4 10. O-O Qa5 11. Qb3 O-O 12. a3 Bxc3 13. bxc3 Qc7 14. Rab1 Na5
15. Qb2 Nd5 16. Rfc1 Rab8 17. c4 Nf4 18. Bxf4 Qxf4 19. Qc3 b6 20. Re1 Rbc8 21.
c5 Rfd8 22. Red1 Nc6 23. Qe3 Qf6 24. cxb6 axb6 25. Rxb6 Bxf3 26. Bxf3 Nxd4 27.
Be4 Nf5 28. Qe2 Nd4 29. Qe3 Nf5 30. Qe2 Rxd1+ 31. Qxd1 Qd4 32. Qc2 Rd8 33. Rb1
g6 34. g3 Nd6 35. Bf3 Qa7 36. Ra1 Rc8 37. Qd3 Nc4 38. Rc1 Qa4 39. Be2 Nb6 40.
Rxc8+ Nxc8 41. Qd8+ Kg7 42. Qxc8 Qxa3 43. Kg2 Qb2 44. Bf3 h5 45. Qc5 Qf6 46. Be2
Qb2 47. Qe3 Qf6 48. h4 Kh7 49. Qg5 Qxg5 50. hxg5 Kg7 51. f4 Kh7 52. Kf3 Kg7 53.
Ke4 Kf8 54. Ke5 Ke7 55. Bc4 Ke8 56. Bxe6 fxe6 57. Kxe6 Kf8 58. Kf6 Kg8 59. Kxg6
h4 60. gxh4 Kh8 61. Kf7 Kh7 62. g6+ Kh6 63. g7 Kh5 64. g8=Q Kxh4 65. Qg2 {Black
resigns} 1-0

[Event "Team 45 45 League T47"]
[Site "Internet Chess Club"]
[Date "2010.12.12"]
[Round "6"]
[White "PostMike"]
[Black "ryan2chess"]
[Result "0-1"]
[WhiteElo "1506"]
[BlackElo "1771"]
[Opening "Sicilian: accelerated fianchetto, modern variation with Bc4"]
[ECO "B35"]
[Time "14:00:26"]
[TimeControl "2700+45"]

1. e4 c5 2. Nf3 Nc6 3. d4 cxd4 4. Nxd4 g6 5. Bc4 Bg7 6. Be3 Nf6 7. Nc3 O-O 8. a3
Nxe4 9. Bxf7+ Rxf7 10. Nxe4 e5 11. Nxc6 bxc6 12. Nd6 Rf8 13. Nxc8 Rxc8 14. O-O
Qc7 15. c4 d6 16. Rb1 Rcd8 17. Qa4 a5 18. Bd2 Ra8 19. Qc2 Qc8 20. Rfd1 d5 21.
cxd5 cxd5 22. Qxc8 Rfxc8 23. Rdc1 a4 24. f3 e4 25. fxe4 dxe4 26. Bc3 Bh6 27. Re1
Re8 28. Rbd1 e3 29. Re2 Rad8 30. Rde1 Kf7 31. g4 Re4 32. Rg2 Bg5 33. h3 Bh4 34.
Ree2 Rd1+ 35. Kh2 Rf1 36. Rg1 Rf2+ 37. Rg2 Ke6 38. Kg1 Kd5 39. Be1 Rxe2 40. Rxe2
Bxe1 41. Rxe1 Kc4 42. Re2 Kd3 43. Kf1 Rc4 44. Re1 Rc2 45. Rd1+ Rd2 46. Ke1 Rxd1+
47. Kxd1 e2+ 48. Ke1 g5 {White resigns} 0-1

[Event "Team 45 45 League T47"]
[Site "Internet Chess Club"]
[Date "2010.12.10"]
[Round "6"]
[White "cazj"]
[Black "tryanything"]
[Result "0-1"]
[WhiteElo "1339"]
[BlackElo "1607"]
[Opening "Four knights: Italian variation"]
[ECO "C55"]
[Time "19:00:09"]
[TimeControl "2700+45"]

1. e4 e5 2. Nf3 Nc6 3. Bc4 Nf6 4. Nc3 Nxe4 5. Bxf7+ Kxf7 6. Nxe4 d5 7. Ng3 Bd6
8. d3 h6 9. O-O Qf6 10. Nh5 Qg6 11. Nh4 Qg4 12. Qf3+ Qxf3 13. Nxf3 Bg4 14. Ng3
Bxf3 15. gxf3 Nd4 16. c3 Nxf3+ 17. Kg2 Nh4+ 18. Kh1 g5 19. f3 Rhf8 20. Be3 Kg6
21. Rf2 Rxf3 22. Rxf3 Nxf3 23. Rf1 g4 24. Kg2 a6 25. h3 h5 26. Nxh5 Kxh5 27.
hxg4+ Kxg4 28. Rxf3 e4 29. dxe4 dxe4 30. Rh3 Rf8 31. Bf2 Rxf2+ 32. Kxf2 Kxh3 33.
Ke3 Kg3 34. Kxe4 Kf2 35. Kd3 b6 36. c4 a5 37. a4 Ke1 38. Kc2 Ke2 39. b3 Bb4 40.
Kb2 Kd3 41. Ka2 Kc3 {White resigns} 0-1

[Event "Team 45 45 League T47"]
[Site "Internet Chess Club"]
[Date "2010.12.09"]
[Round "6"]
[White "otherook"]
[Black "subterfuge"]
[Result "0-1"]
[WhiteElo "1813"]
[BlackElo "1778"]
[Opening "English, 1...Nf6 (Anglo-Indian defense)"]
[ECO "A15"]
[Time "16:41:09"]
[TimeControl "2700+45"]

1. c4 Nf6 2. g3 e5 3. Bg2 Bc5 4. Nf3 e4 5. Ng5 Bxf2+ 6. Kxf2 Ng4+ 7. Kg1 Qxg5 8.
Bxe4 O-O 9. Nc3 c6 10. Qf1 Qc5+ 11. Kg2 f5 12. Bd3 d5 13. h3 Ne5 14. cxd5 cxd5
15. Qf2 d4 16. Na4 Qd5+ 17. Kh2 b5 {White resigns} 0-1